 Dungeon Crawl Stone Soup version 0.23-a0-175-g97aacdb (webtiles) character file.

48 rayofluck the Cutter (level 4, -2/28 HPs)
             Began as a Kobold Berserker on Sept 17, 2018.
             Was a Believer of Trog.
             Splashed by a jelly's acid (10 damage)
             ... on level 2 of the Dungeon.
             The game lasted 00:05:47 (1676 turns).

rayofluck the Cutter (Kobold Berserker)             Turns: 1676, Time: 00:05:48

Health: -2/28      AC: -1    Str: 14    XL:     4   Next: 0%
Magic:  4/4        EV: 15    Int:  8    God:    Trog [**....]
Gold:   147        SH:  0    Dex: 15    Spells: 3/3 levels left

rFire    . . .     SeeInvis .   h - +2 dagger (venom)
rCold    . . .     Gourm    .   (shield restricted)
rNeg     . . .     Faith    .   b - +0 animal skin
rPois    .         Spirit   .   (no helmet)
rElec    .         Reflect  .   (no cloak)
rCorr    .         Harm     .   (no gloves)
MR       .....                  (no boots)
Stlth    +.........             (no amulet)
HPRegen  0.09/turn              d - ring of wizardry
MPRegen  0.09/turn              (no ring)

@: corroded
A: small, carnivore
a: Berserk, Trog's Hand, Renounce Religion


You were on level 2 of the Dungeon.
You worshipped Trog.
Trog was pleased with you.
You were very full.

You visited 1 branch of the dungeon, and saw 2 of its levels.

You collected 147 gold pieces.

Inventory:

Hand Weapons
 h - a +2 dagger of venom (weapon)
Missiles
 e - 101 stones (quivered)
 k - 46 sling bullets
Armour
 b - a +0 animal skin (worn)
Jewellery
 d - a ring of wizardry (left hand)
Scrolls
 g - a scroll of amnesia {unknown}
 i - 3 scrolls of identify {unknown}
 j - 3 scrolls of teleportation {unknown}
Potions
 a - a potion of might {unknown}
 f - 3 potions of curing {unknown}
 l - a potion of agility {unknown}
Comestibles
 c - 2 rations


   Skills:
 - Level 3.2 Fighting
 + Level 6.1 Short Blades
 - Level 1.5 Armour
 - Level 2.4 Dodging


You had 3 spell levels left.
You didn't know any spells.
Your spell library was empty.

Dungeon Overview and Level Annotations

Branches:
Dungeon (2/15)

Altars:
Sif Muna
Uskayaw


Innate Abilities, Weirdness & Mutations

You are small and have problems with some larger weapons.
You are carnivorous and can eat meat at any time.


Message History

The jelly is lightly wounded.
The jelly misses you.
You hit the jelly.
The jelly is poisoned.
Your hands burn!
The jelly is lightly wounded.
Things that are here:
a dagger; a kobold corpse You hit the jelly.
The acid corrodes you!
Your hands burn!
The jelly is heavily wounded.
The jelly barely misses you.
There is an open door here.
The jelly looks more healthy.
You hit the jelly.
Your hands burn!
The jelly is almost dead.
The jelly misses you.
You hit the jelly but do no damage.
Your hands burn!
The jelly is almost dead.
The jelly hits you.
* * * LOW HITPOINT WARNING * * *
You are splashed with acid!
The acid burns!
You die...

#..#.#
##'''#######)#
#########.##.#
##...## #.####
#.........#
.###.)...## #.....
##.#######.#
.##.......# #####.
##.# #.#
.##.......# #.
##.# #.# #.......#
#. ##.# #.#
#.......# #.
##.#######.#
#....#### #.
##.##...##.#
#@J..'..###### #.
##.##.#.##.###
########.##..####.
##....#....#.#
#....).###.......
....#####....#
#'####### ##.###.#
##....#..)##.##..
#.# #.#
......#.####.##..
#.# #.# #####.<.#
#.##.P #.# #.# #
#..## #.##.. #.#
#.# #..#####.##รท.
#.# #.#


You could see a jelly.

Vanquished Creatures
  An adder (D:2)
  An ooze (D:2)
  A giant cockroach (D:1)
  5 goblins
  2 hobgoblins
  A jackal (D:2)
  8 kobolds
  A quokka (D:2)
  A ball python (D:2)
  6 bats
  3 frilled lizards
  5 rats
35 creatures vanquished.

Vanquished Creatures (others)
  8 toadstools (D:2)
8 creatures vanquished.

Grand Total: 43 creatures vanquished

Notes
Turn   | Place    | Note
-------+----------+-------------------------------------------
     0 | D:1      | rayofluck the Kobold Berserker began the quest for the Orb.
     0 | D:1      | Reached XP level 1. HP: 14/14 MP: 1/1
   143 | D:1      | Reached XP level 2. HP: 18/19 MP: 2/2
   231 | D:1      | Reached skill level 5 in Short Blades
   797 | D:2      | Noticed a dagger
   798 | D:2      | Noticed a dagger
   800 | D:2      | Found a hide-covered altar of Uskayaw.
   811 | D:2      | Reached XP level 3. HP: 18/23 MP: 3/3
   999 | D:2      | Found a deep blue altar of Sif Muna.
  1423 | D:2      | Reached ** piety under Trog
  1641 | D:2      | Reached skill level 6 in Short Blades
  1659 | D:2      | Reached XP level 4. HP: 28/28 MP: 4/4
  1676 | D:2      | Splashed by a jelly's acid

Vault maps used:
D:1:      dpeg_arrival_orchard
D:2:      cheibrodos_fertilizer, dancing_weapons_uskayaw, led_sif_pool

Skill      XL: |  1  2  3 |
---------------+----------+-----
Short Blades   | 5 6 |  6.1
Fighting       | |  3.2
Armour         | |  1.5
Dodging        | |  2.4

Action                   |  1- 3 |  4- 6 || total
-------------------------+-------+-------++-------
Melee: Short sword       |    43 |       ||    43
       Dagger            |    63 |     5 ||    68
  Use: Scroll            |     1 |       ||     1
 Stab: Sleeping          |     2 |       ||     2
  Eat: Chunk             |    10 |       ||    10
Armor: Animal skin       |    14 |       ||    14
Dodge: Dodged            |    93 |     3 ||    96

Table legend:
 A = Non-vault XP
 B = Vault XP
 C = Vault XP percentage of total XP
 D = Non-vault monster count
 E = Vault monster count
 F = Vault count percentage of total count
                 A         B        C        D         E       F
            +---------+---------+-------+---------+---------+-------
      Total |      52 |      17 |  24.6 |      28 |       7 |  20.0
            +---------+---------+-------+---------+---------+-------
        D:1 |      23 |       0 |   0.0 |      17 |       0 |   0.0
        D:2 |      29 |      17 |  37.0 |      11 |       7 |  38.9
            +---------+---------+-------+---------+---------+-------
